Map: [ESL] Tropical Sacrifice

Players

herO

  • Race: Protoss Protoss
  • Spawn Location: 7:00

LiquidClem (Clem) - Winner!

  • Race: Terran Terran
  • League: Master
  • Spawn Location: 1:00

VOD

Have the link to the VOD?

Description

Time

  • Played on: Nov. 5, 2022, 9:09 a.m.
  • Length: 9:08
Show
View Real Time Build Order
Export as new Build Order

herO Protoss 

Build Orders: 1 Gate Expand, Oracle Opening, Phoenix Opening 

Get SALT Encoding   

  12  0:00  Probe  
  13  0:12  Probe  
  14  0:17  Pylon  
  14  0:24  Probe (Chrono Boost)  
  15  0:37  Probe (Chrono Boost), Gateway  
  16  0:43  Probe (Chrono Boost)  
  16  0:46  Assimilator  
  17  0:51  Probe  
  18  1:03  Probe  
  19  1:15  Probe  
  20  1:24  Cybernetics Core  
  20  1:32  Nexus  
  20  1:40  Pylon  
  20  1:44  Assimilator  
  20  1:47  Probe  
  21  1:57  Adept (Chrono Boost)  
  21  1:59  Probe  
  24  2:11  Probe  
  24  2:14  Stargate  
  25  2:18  Adept (Chrono Boost)  
  27  2:23  Probe  
  28  2:30  Warp Gate  
  28  2:36  Probe  
  29  2:40  Adept  
  31  2:45  Probe  
  31  2:48  Probe  
  33  2:57  Oracle (Chrono Boost), Probe  
  34  3:00  Probe  
  38  3:13  Probe x2  
  38  3:15  Adept  
  38  3:18  Pylon  
  42  3:25  Probe x2  
  42  3:29  Oracle (Chrono Boost)  
  45  3:37  Probe x2  
  45  3:48  Gateway  
  45  3:49  Probe x2  
  45  3:51  Gateway  
  47  3:59  Phoenix (Chrono Boost)  
  47  4:01  Probe x2  
  48  4:08  Pylon  
  48  4:13  Assimilator x2  
  48  4:15  Phoenix (Chrono Boost)  
  48  4:16  Probe x2, Pylon  
  49  4:24  Adept  
  49  4:28  Probe  
  49  4:29  Probe  
  53  4:37  Phoenix (Chrono Boost)  
  55  4:49  Probe x2  
  55  4:52  Adept  
  57  5:02  Probe x2  
  57  5:05  Phoenix  
  59  5:19  Probe x2  
  61  5:26  Twilight Council, Nexus  
  61  5:27  Forge  
  61  5:32  Stalker x3  
  63  5:36  Probe x2  
  63  5:38  Pylon  
  65  5:45  Protoss Ground Weapons Level 1  
  65  5:48  Probe x2  
  67  5:57  Blink (Chrono Boost)  
  67  6:00  Stalker x3  
  67  6:01  Probe x2  
  75  6:14  Probe x2  
  77  6:22  Shield Battery  
  77  6:24  Shield Battery  
  77  6:26  Probe  
  77  6:27  Gateway  
  77  6:28  Gateway  
  78  6:35  Gateway  
  78  6:36  Robotics Facility  
  78  6:37  Probe  
  78  6:39  Sentry  
  81  6:40  Sentry  
  81  6:46  Probe x2  
  85  6:49  Probe  
  86  6:57  Sentry  
  86  7:01  Pylon  
  88  7:02  Pylon  
  88  7:03  Shield Battery, Gateway  
  88  7:04  Colossus (Chrono Boost)  
  88  7:05  Probe x2  
  88  7:06  Probe  
  89  7:21  Stalker x4  
  89  7:22  Immortal (Chrono Boost)  
  97  7:23  Probe  
  100  7:34  Zealot  
  102  7:48  Zealot x3  
  102  7:49  Pylon x2  
  104  8:01  Immortal  
  96  8:08  Stalker x3  
  96  8:11  Zealot x3  
  77  8:31  Stalker  
  77  8:32  Stalker x6  
Show
View Real Time Build Order
Export as new Build Order

LiquidClem Terran - Winner!

Build Orders:  

Get SALT Encoding   

  12  0:00  SCV  
  13  0:12  SCV  
  14  0:17  Supply Depot  
  14  0:24  SCV  
  15  0:39  SCV  
  15  0:40  Barracks  
  16  0:44  Refinery  
  16  0:51  SCV  
  17  1:03  SCV  
  18  1:15  SCV  
  19  1:28  Orbital Command  
  19  1:31  Barracks Reactor  
  19  1:42  Command Center  
  19  1:50  Supply Depot  
  19  1:53  SCV  
  20  2:05  SCV  
  20  2:06  Marine x2  
  23  2:13  Factory  
  23  2:17  SCV  
  24  2:24  Marine x2  
  27  2:30  SCV  
  27  2:31  Refinery  
  27  2:42  SCV, Marine x2  
  30  2:54  SCV  
  30  2:56  Orbital Command  
  30  2:58  Starport  
  31  3:07  Hellion  
  31  3:08  Hellion  
  31  3:09  SCV  
  31  3:12  Marine  
  35  3:21  SCV  
  35  3:22  SCV  
  35  3:28  Widow Mine  
  35  3:30  Widow Mine  
  35  3:33  SCV  
  38  3:34  SCV  
  38  3:35  Medivac  
  38  3:37  Barracks Tech Lab  
  38  3:39  Supply Depot  
  41  3:46  SCV x2  
  43  3:49  Widow Mine  
  43  3:53  Widow Mine  
  45  3:58  SCV  
  45  4:01  SCV  
  47  4:08  Viking  
  49  4:11  SCV  
  49  4:12  Supply Depot  
  50  4:17  SCV  
  50  4:18  Marine x2  
  53  4:26  SCV  
  53  4:29  Barracks  
  54  4:33  Cyclone, SCV  
  54  4:37  Viking  
  54  4:38  SCV  
  61  4:40  Marine  
  61  4:44  Supply Depot  
  62  4:52  SCV x2  
  62  4:54  Barracks  
  62  4:56  Marine  
  62  4:58  Marine  
  62  5:02  Supply Depot  
  62  5:04  SCV x2  
  60  5:10  Siege Tank  
  60  5:13  Liberator  
  60  5:14  Marine  
  65  5:15  Marine  
  65  5:16  Refinery, Marine, SCV x2  
  70  5:21  Supply Depot  
  70  5:28  SCV  
  70  5:30  SCV  
  70  5:31  Refinery, Marine  
  72  5:39  Supply Depot, Marine x2  
  75  5:48  Supply Depot  
  75  5:49  Stimpack, Marine x2  
  75  5:50  Factory Tech Lab  
  75  5:54  Engineering Bay  
  75  5:57  Barracks Tech Lab, Starport Reactor, Marine  
  76  6:00  Engineering Bay  
  77  6:07  Marine  
  77  6:08  Siege Tank  
  77  6:09  SCV x2  
  80  6:13  Marine  
  80  6:16  Marauder, Marine  
  80  6:17  Combat Shield  
  82  6:22  Supply Depot, Terran Infantry Weapons Level 1  
  82  6:25  Marine  
  83  6:31  SCV x2  
  87  6:33  Marauder  
  87  6:34  Marine  
  87  6:35  Medivac  
  87  6:38  Supply Depot  
  92  6:40  Marauder  
  92  6:47  Marine  
  95  6:54  Marauder  
  95  6:55  Medivac, Marine  
  98  7:01  Siege Tank  
  98  7:02  Barracks  
  98  7:04  Barracks, Marauder  
  98  7:08  Marine  
  104  7:13  Supply Depot  
  106  7:15  Marauder  
  106  7:17  Medivac  
  106  7:21  Marine  
  106  7:26  Marauder  
  106  7:28  Marine  
  106  7:29  Supply Depot  
  108  7:37  Marauder  
  108  7:40  Marine  
  109  7:45  Siege Tank  
  109  7:46  Marine  
  109  7:47  Marauder  
  109  7:49  Marine  
  109  7:51  Supply Depot  
  113  7:52  Marine  
  113  7:56  Viking  
  113  7:57  Viking  
  120  7:58  Marauder  
  120  7:59  Marine  
  120  8:00  Supply Depot  
  113  8:08  Marauder, Marine  
  113  8:09  Barracks Tech Lab  
  107  8:20  Marauder  
  107  8:22  Marine  
  107  8:26  Medivac  
  103  8:29  Siege Tank  
  103  8:30  Marauder, Marine x2  
  103  8:31  Medivac  
  103  8:32  Marine  
  109  8:41  Marauder  
  101  8:42  Marine  
  101  8:48  Marine  
Tags
 
Add a new tag
Caveats
  • Supply blocks, unpowered buildings, or Contaminate may cause inaccurate times.
  • Supply counts are checked every 10 seconds.